 Dungeon Crawl Stone Soup version 0.18.1-5-g4a78601 (webtiles) character file.

102 dysrexia the Insei (level 4, -4/25 HPs)
             Began as a Tengu Transmuter on May 14, 2016.
             Was an Initiate of Ru.
             Slain by an ogre
             ... wielding a +0 giant club
              (14 damage)
             ... on level 3 of the Dungeon.
             The game lasted 00:11:10 (2404 turns).

dysrexia the Insei (Tengu Transmuter)               Turns: 2404, Time: 00:11:10

Health: -4/25      AC:  6    Str: 11    XL:     4   Next: 77%
Magic:  8/8        EV: 11    Int: 13    God:    Ru [......]
Gold:   218        SH:  0    Dex: 15    Spells: 1 memorised, 6 levels left

rFire  . . .     SeeInvis .       - Unarmed
rCold  . . .     Gourm    .     r - +0 ring mail
rNeg   . . .     Faith    .     (no shield)
rPois  .         Spirit   .     (helmet restricted)
rElec  .         Dismiss  .     l - +0 cloak
rCorr  .         Reflect  .     (no gloves)
SustAt .         Harm     .     (boots unavailable)
MR     .....                    (no amulet)
Stlth  +.........               (no ring)
                                (no ring)

@: not resistant to hostile enchantments, very unstealthy
A: beak, talons 3
a: Sacrifice a Hand, Sacrifice Arcana, Sacrifice Durability, Reject Sacrifices,
Renounce Religion


You were on level 3 of the Dungeon.
You worshipped Ru.
Ru was noncommittal.
You were not hungry.

You visited 1 branch of the dungeon, and saw 4 of its levels.

You collected 218 gold pieces.

Inventory:

Missiles
 a - 37 arrows
 j - 26 poisoned needles
Armour
 b - a +0 robe
 f - a +0 chain mail
 l - a +0 cloak (worn)
 r - a +0 ring mail (worn)
Scrolls
 e - a scroll of identify
 k - a scroll of fear
 p - a scroll of amnesia
 q - a scroll of random uselessness {unknown}
Potions
 m - a potion of curing
 n - 2 potions of brilliance
Books
 c - a book of Changes

   Spells                             Type                      Level
   a - Beastly Appendage              Transmutation                1
   b - Sticks to Snakes               Transmutation                2
   c - Spider Form                    Transmutation/Poison         3
   d - Ice Form                       Ice/Transmutation            4
   e - Blade Hands                    Transmutation                5
Comestibles
 d - 4 bread rations
 g - a slice of pizza
 h - a chunk of flesh
 i - 3 fruits
 o - 2 beef jerkies


   Skills:
 + Level 1.6 Fighting
 - Level 2.1 Dodging
 - Level 5.3 Unarmed Combat
 - Level 2.0 Spellcasting
 - Level 2.0 Transmutations


You had 6 spell levels left.
You knew the following spells:

 Your Spells              Type           Power        Failure   Level  Hunger
a - Beastly Appendage     Trmt           #.....       28%         1    ##.....


Dungeon Overview and Level Annotations

Branches:
Dungeon (4/15)
 Temple: D:4-7

Altars:
Qazlal
Ru

Annotations:
D:4 Leszczynek's ghost, amateur DEAM


Innate Abilities, Weirdness & Mutations

You have a beak for a mouth.
You have claws for feet.


Message History

q - a scroll labeled NIGHUHOORI Leszczynek's ghost casts a spell at you.
You feel yourself slow down.
Leszczynek's ghost casts a spell at you.
You are outlined in light.
A jackal comes into view.
There is a stone staircase leading up here.
The ogre hits you with a giant club!
Ouch! That really hurt!
Leszczynek's ghost hits you but does no damage.
You climb upwards.
There is a stone staircase leading down here.
The ogre closely misses you. The ogre hits you with a giant club.
You feel yourself speed up.
You open the door.
You are no longer glowing.
The ogre hits you with a giant club!
Ouch! That really hurt!
You die...

......#.###...#.## #.##
.####.#.......##.# #..#
.####.#####..##.# ##.#
....#........#.# #.#
.##.#######...## #.# .##.#
##.....## ##.# .#..#
##.......## ##..#
....####.........####...##
.......'..>....O@'>......#
#...####......[..####...##
##..# ##..(....## ##.##
....# ##.....## #.# ##.##
##...## #.# #.# ##'## #.#
#.# #.##### #.# #.#
#.#...#####.# #.#####
##.#.#.......#


You could see an ogre.

Vanquished Creatures
  A gnoll (D:1)
  3 adders (D:2)
  2 oozes
  2 dart slugs (D:1)
  2 giant geckos (D:1)
  5 orcs (D:3)
  2 ball pythons
  7 bats
  2 giant cockroaches (D:1)
  4 goblins
  5 hobgoblins
  3 jackals (D:1)
  6 kobolds
  2 giant newts
  6 rats
52 creatures vanquished.

Notes
Turn   | Place    | Note
--------------------------------------------------------------
     0 | D:1      | dysrexia the Tengu Transmuter began the quest for the Orb.
     0 | D:1      | Reached XP level 1. HP: 12/12 MP: 4/4
    85 | D:1      | Reached XP level 2. HP: 15/16 MP: 4/6
   162 | D:1      | Reached skill level 4 in Unarmed Combat
   235 | D:1      | Learned a level 2 spell: Sticks to Snakes
   359 | D:1      | Reached XP level 3. HP: 19/20 MP: 7/7
   846 | D:2      | Found a stormy altar of Qazlal.
   846 | D:2      | Noticed a water elemental
   848 | D:2      | Noticed an earth elemental
   848 | D:2      | Noticed an air elemental
   848 | D:2      | Noticed a fire elemental
  1005 | D:2      | Reached XP level 4. HP: 25/25 MP: 8/8
  1051 | D:2      | Reached skill level 5 in Unarmed Combat
  1067 | D:2      | Found a faded altar to an unknown god.
  1076 | D:2      | Became a worshipper of Ru the Awakened
  2384 | D:4      | Noticed Leszczynek's ghost (amateur DEAM)
  2386 | D:4      | Noticed an ogre
  2404 | D:3      | Slain by an ogre

Skill      XL: |  1  2  3  4 |
---------------+-------------+-----
Unarmed Combat | 4 5 |  5.3
Transmutations | 2 |  2.0
Fighting       | |  1.6
Dodging        | |  2.1
Spellcasting   | |  2.0

Action                   |  1- 3 |  4- 6 || total
-------------------------+-------+-------++-------
Melee: Unarmed           |    67 |    59 ||   126
       Kick              |    15 |    15 ||    30
       Peck              |     9 |    11 ||    20
       Headbutt          |     4 |     1 ||     5
       Punch             |       |     1 ||     1
 Cast: Beastly Appendage |     5 |     3 ||     8
       Sticks to Snakes  |     1 |     2 ||     3
  Use: Scroll            |       |     6 ||     6
  Eat: Chunk             |       |     5 ||     5
Armor: Robe              |    16 |     4 ||    20
       Ring mail         |       |     8 ||     8
Dodge: Dodged            |    48 |    28 ||    76
